Map: King's Cove LE

Players

RJH - Winner!

  • Race: Terran Terran
  • Spawn Location: 11:00

Seph

  • Race: Terran Terran
  • League: Bronze
  • Spawn Location: 5:00

VOD

Have the link to the VOD?

Description

Time

  • Played on: Feb. 15, 2019, 10:38 p.m.
  • Length: 14:44
Show
View Real Time Build Order
Export as new Build Order

RJH Terran - Winner!

Build Orders:  

Get SALT Encoding   

  12  0:01  SCV  
  13  0:13  SCV  
  14  0:19  Supply Depot  
  14  0:25  SCV  
  15  0:41  SCV  
  16  0:44  Barracks  
  16  0:53  SCV  
  17  1:04  Refinery  
  17  1:05  SCV  
  18  1:17  SCV  
  19  1:29  SCV  
  19  1:32  Marine, Supply Depot  
  21  1:40  Refinery  
  21  1:41  SCV  
  22  1:53  SCV  
  23  1:54  Barracks, Marine  
  24  2:05  SCV  
  25  2:21  Barracks Tech Lab, Orbital Command  
  25  2:44  Command Center  
  25  2:46  Combat Shield  
  24  2:53  Barracks Reactor  
  24  2:59  Engineering Bay  
  24  3:00  Marauder  
  26  3:08  SCV  
  27  3:21  SCV, Supply Depot  
  27  3:23  Marine  
  29  3:33  SCV  
  30  3:35  Marine  
  30  3:38  Terran Infantry Weapons Level 1  
  31  3:42  Marine  
  31  3:44  Supply Depot  
  31  3:46  Supply Depot  
  32  3:49  Marauder  
  32  3:55  SCV  
  35  3:57  SCV  
  36  4:03  Refinery  
  36  4:07  SCV  
  37  4:10  Marine  
  37  4:11  Factory  
  37  4:12  Marine  
  37  4:13  Marine  
  40  4:17  SCV  
  41  4:26  SCV  
  41  4:29  SCV  
  43  4:33  Stimpack  
  43  4:37  Marauder, Marine x2  
  47  4:46  SCV  
  47  4:47  SCV  
  47  4:50  Barracks  
  49  5:01  SCV x2  
  49  5:03  Marauder, Marine x2  
  55  5:10  Armory, Factory Tech Lab  
  55  5:20  Marine  
  56  5:22  Marine  
  56  5:24  Marauder  
  56  5:27  Orbital Command  
  59  5:29  SCV  
  60  5:37  Terran Infantry Armor Level 1  
  60  5:39  Barracks  
  60  5:40  Barracks Reactor  
  60  5:42  SCV, Marine x2  
  62  5:46  Marauder  
  65  5:56  Supply Depot  
  65  5:58  Supply Depot x2  
  65  5:59  SCV x2  
  65  6:04  Marine x2  
  69  6:12  SCV  
  69  6:16  Refinery  
  69  6:18  SCV  
  71  6:28  Starport  
  71  6:29  SCV  
  71  6:30  SCV  
  73  6:33  Marauder, Marine x2  
  73  6:34  Concussive Shells, Marine x2  
  73  6:35  Barracks Reactor  
  79  6:41  SCV  
  79  6:42  SCV  
  81  6:53  SCV  
  82  6:54  SCV  
  82  7:01  Marauder, Marine x4  
  89  7:10  Missile Turret  
  89  7:16  Command Center  
  89  7:24  Marauder, Marine x2  
  89  7:25  Marine  
  94  7:30  Terran Infantry Weapons Level 2  
  94  7:31  Missile Turret  
  94  7:39  Supply Depot  
  94  7:48  Supply Depot x2  
  94  8:00  Marine x6  
  94  8:01  Marauder  
  94  8:03  Starport Reactor  
  94  8:04  Supply Depot  
  94  8:05  Missile Turret  
  102  8:12  Fusion Core  
  102  8:22  Marauder  
  102  8:23  Marine x2  
  102  8:24  Marine x3  
  102  8:25  Marine  
  110  8:35  Supply Depot  
  110  8:36  Orbital Command  
  110  8:38  SCV x2  
  112  8:45  Refinery  
  112  8:48  Marauder, Marine x3  
  115  8:49  Marine x3  
  115  8:50  SCV x2  
  122  8:58  Supply Depot  
  122  9:06  Marine x3  
  122  9:07  Marine x2  
  122  9:09  Marauder  
  129  9:11  Refinery  
  129  9:17  Medivac  
  129  9:18  Medivac  
  129  9:20  Supply Depot  
  129  9:22  Barracks  
  133  9:26  Siege Tank  
  133  9:30  SCV x3  
  139  9:43  Supply Depot  
  139  9:45  Marauder, Marine x3  
  142  9:46  Terran Infantry Armor Level 2, Marine x3  
  126  10:08  Supply Depot  
  126  10:11  Barracks  
  119  10:17  Marauder, Marine  
  119  10:18  Marine x5  
  99  10:35  Marine x2  
  99  10:36  Viking x2, Marine x4  
  99  10:39  Marauder  
  111  10:53  Marine x3  
  111  10:54  Marine x3  
  111  10:55  Smart Servos  
  117  10:59  Terran Ship Weapons Level 1  
  117  11:00  Marauder  
  117  11:02  SCV x3  
  122  11:06  Viking x2  
  122  11:11  Marine  
  114  11:41  Viking x2  
  114  11:43  Marauder, Marine x3  
  114  11:44  Marine x3  
  114  11:45  Barracks Reactor x2  
  126  12:02  Terran Infantry Weapons Level 3  
  126  12:05  Marauder, Marine x3  
  126  12:06  Marine x3  
  134  12:11  Command Center, Medivac x2  
  138  12:19  Mag-Field Accelerator  
  138  12:23  Marine x3  
  138  12:24  Marine x3  
  138  12:25  Weapon Refit  
  138  12:26  Marauder  
  146  12:30  Supply Depot  
  146  12:38  Refinery  
  146  12:40  Refinery  
  146  12:53  Supply Depot  
  146  13:01  Marauder, Marine  
  146  13:02  Marine x4  
  146  13:03  Marine x4  
  146  13:04  Marine  
  158  13:15  Supply Depot  
  158  13:19  Marine  
  159  13:23  Marauder  
  149  14:14  Viking x2  
Show
View Real Time Build Order
Export as new Build Order

Seph Terran 

Build Orders:  

Get SALT Encoding   

  12  0:11  Supply Depot  
  12  0:17  SCV  
  13  0:35  Barracks  
  13  0:38  SCV  
  14  0:47  Refinery  
  14  0:51  SCV  
  15  1:03  SCV  
  16  1:15  SCV  
  17  1:23  Supply Depot  
  17  1:27  SCV  
  18  1:45  Barracks Reactor  
  18  1:51  Command Center  
  18  1:56  Orbital Command  
  18  2:20  Marine x2  
  20  2:38  Marine x2  
  22  2:56  Marine x2  
  24  3:00  Refinery  
  24  3:14  Marine x2  
  24  3:15  Factory  
  24  3:16  SCV  
  27  3:27  SCV  
  27  3:28  SCV  
  27  3:32  Marine x2  
  31  3:34  Refinery  
  31  3:39  SCV  
  31  3:40  SCV  
  33  3:49  Marine x2  
  33  3:52  SCV  
  36  4:04  Starport, SCV  
  36  4:07  SCV  
  38  4:16  SCV  
  39  4:28  SCV  
  40  4:38  Marine x2  
  40  4:40  SCV  
  43  4:49  Engineering Bay  
  43  4:56  Marine x2  
  45  5:02  Starport Tech Lab  
  45  5:06  Starport  
  45  5:14  Marine  
  45  5:15  Fusion Core  
  46  5:22  Supply Depot  
  46  5:23  Planetary Fortress  
  46  5:43  Marine x2  
  46  5:48  Supply Depot  
  48  5:50  Starport Tech Lab  
  48  5:58  Starport  
  48  6:01  Marine x2  
  50  6:10  Supply Depot  
  50  6:12  Supply Depot  
  50  6:13  Battlecruiser  
  56  6:19  Weapon Refit, Marine x2  
  58  6:28  SCV  
  59  6:36  Marine x2  
  61  6:40  SCV  
  62  6:51  Starport Tech Lab  
  62  6:52  SCV  
  63  6:54  Starport, Marine x2  
  65  7:03  Supply Depot  
  65  7:11  Supply Depot  
  65  7:12  Marine x2  
  65  7:13  Supply Depot  
  67  7:15  Supply Depot  
  67  7:22  SCV  
  68  7:33  Starport Tech Lab  
  68  7:34  SCV  
  69  7:42  Battlecruiser  
  75  7:46  SCV  
  76  7:59  SCV  
  77  8:09  Battlecruiser  
  77  8:11  SCV  
  84  8:23  SCV  
  85  8:35  SCV  
  86  8:45  Command Center  
  86  8:47  SCV  
  87  8:59  SCV  
  88  9:11  SCV  
  89  9:18  Battlecruiser  
  89  9:19  Refinery  
  95  9:37  Missile Turret  
  95  9:39  Battlecruiser  
  95  9:45  Refinery  
  101  9:53  Supply Depot  
  101  9:58  Missile Turret  
  32  10:37  SCV  
  33  10:49  SCV  
  34  10:56  Command Center  
  34  11:01  SCV  
  35  11:13  SCV  
  36  11:25  SCV  
  25  11:48  Battlecruiser  
Tags
 
League
Bronze
Matchup
TvT
Race
Terran
Spawn Locations
Cross Positions
Add a new tag
Caveats
  • Supply blocks, unpowered buildings, or Contaminate may cause inaccurate times.
  • Supply counts are checked every 10 seconds.